cohdb
Replays
Latest Replays
All Replays
Popular Replays
Top Player Replays
Match Explorer
How It Works
Community
CoH3 Stats
Reddit
Sign in to upload your games and track your stats! →
Sign in with Steam
Match 43728552
Unlisted
Match 43728552
Overview
Messages
Build Orders
End
Construct Barracks
Selects Heavy Weapons
M1 Mortar Team
Riflemen Squad
Riflemen Squad
Grenade Package
Construct Weapon Support Center
M1919 Machine Gun Team
Selects M2HB .50cal Heavy Machine Gun
Mechanized Support Center
M3 Armored Personnel Carrier
Selects Assault Carriers
M3 Assault Carrier
Riflemen Squad
M1919 Machine Gun Team
Selects Rapid Reposition
Construct Medical Station
Designate Forward Repair Station
狼少
快乐虎
Tengu
baby blue
德意志第三军团
zuikaku0302
Espartero
vincent
0
0
Comments
sign in to comment!
No comments posted yet!